 Dungeon Crawl Stone Soup version 0.29-a0-668-g12ee2bf84d (webtiles) character file.

Game seed: 9797626052260604711

474 dolemite99 the Grappler (level 6, -7/47 HPs)
             Began as a Demonspawn Chaos Knight on June 24, 2022.
             Was a Plaything of Xom.
             Mangled by an elephant (glowing shapeshifter) (12 damage)
             ... on level 5 of the Dungeon.
             The game lasted 00:06:47 (4651 turns).

dolemite99 the Grappler (Demonspawn Chaos Knight)   Turns: 4651, Time: 00:06:48

Health: -7/47      AC: 12    Str:  8 (10) XL:     6   Next: 84%
Magic:  6/6        EV:  7    Int: 11 (12) God:    Xom [*.....]
Gold:   231        SH:  0    Dex: 10 (12) Spells: 5/5 levels left

rFire   + . .      SeeInvis .     - Unarmed
rCold   . . .      Faith    .   (no shield)
rNeg    . . .      Spirit   .   i - +1 chain mail
rPois   .          Reflect  .   d - +2 hat
rElec   .          Harm     .   e - +2 cloak
rCorr   .          Rampage  .   (no gloves)
Will    .....                   (no boots)
Stlth   ..........              (no amulet)
HPRegen 0.15/turn               l - ring of protection from fire
MPRegen 0.10/turn               f - +4 ring of evasion

@: brilliant, attractive, flying, invisible, unable to read
A: claws 1, molten scales 1, demonic magic 1, fangs 1, deformed body, dopey 1,
screaming 1, weak 2, wild magic 1, inability to read while threatened
a: Renounce Religion


You were on level 5 of the Dungeon.
You worshipped Xom.
You were a special plaything of Xom.
You visited 1 branch of the dungeon, and saw 5 of its levels.

You collected 231 gold pieces.

Inventory:

Missiles
 h - a throwing net
 t - 4 poisoned darts (quivered)
Armour
 a - a +2 leather armour
 d - a +2 hat (worn)
 e - a +2 cloak (worn)
 i - a +1 chain mail (worn)
Magical Staves
 u - a staff of poison
Jewellery
 f - a +4 ring of evasion (right claw)
 l - a ring of protection from fire (left claw)
 n - a ring of flight
 w - a ring of protection from cold
Scrolls
 c - 4 scrolls of teleportation
 k - a scroll of magic mapping
 q - a scroll of summoning {unknown}
 r - a scroll of fog {unknown}
 v - a scroll of identify {@r1}
Potions
 j - a potion of flight
 o - a potion of degeneration
 p - a potion of invisibility
Miscellaneous
 b - a piece from Xom's chessboard (2/15)


   Skills:
 - Level 3.0 Fighting
 - Level 1.7 Armour
 - Level 0.8 Dodging
 + Level 8.9 Unarmed Combat


You had 5 spell levels left.
You didn't know any spells.
Your spell library was empty.

Dungeon Overview and Level Annotations

Branches:
Dungeon (5/15)
 Temple: D:4-7

Altars:
Dithmenos

Shops:
D:1 !

Annotations:
D:2 Sigmund


Innate Abilities, Weirdness & Mutations

You have sharp fingernails.
You are partially covered in molten scales. (AC +2)
Spells you cast may paralyse adjacent enemies.
You have very sharp teeth.
Armour fits poorly on your strangely shaped body.
You are dopey. (Int -2)
You occasionally shout uncontrollably at your foes.
You are very weak. (Str -4)
Your spells are a little harder to cast, but a little more powerful.
You sometimes lose the ability to read scrolls when taking damage.


Message History

Xom roars with laughter!
The wolf spider changes into an eye of devastation!
It was a potion of attraction.
You feel attractive to monsters.
It was a potion of brilliance.
You feel clever all of a sudden.
You scratch the eye of devastation but do no damage.
The eye of devastation is lightly wounded.
The eye of devastation changes into a glowing orange brain!
You claw the glowing orange brain!
The glowing orange brain is moderately wounded.
You claw the glowing orange brain!
The glowing orange brain is heavily wounded.
The glowing orange brain pulsates.
Something tries to feed on your intellect!
You completely miss the glowing orange brain.
The glowing orange brain is heavily wounded.
You claw the glowing orange brain!
The glowing orange brain is severely wounded.
You scratch the glowing orange brain but do no damage.
The glowing orange brain is severely wounded.
You scratch the glowing orange brain but do no damage.
The glowing orange brain is severely wounded.
The glowing orange brain changes into a lindwurm!
You barely miss the lindwurm.
The lindwurm is heavily wounded.
The lindwurm changes into an elephant!
You strike the helpless elephant from behind!
You claw the elephant!
The elephant is lightly wounded.
It was a potion of mutation.
You feel extremely strange.
You feel healthier.
Your system completely accepts the healing effects of potions.
Your teeth lengthen and sharpen.
You feel less in control of your magic.
You claw the elephant!
The elephant is moderately wounded. "Let's see if it's strong enough to survive yet."
The elephant tramples you!
You die...
Xom laughs nastily!

# # ##### ###....
######## ###.....#
#......####.......#
#5.5...............
#.Y.5..#..##.......
######.@..####.#........
.........5+.#...........
#######.###.#+#.........
#.#.....##........
#.'.....##†##>....
###.....#...#.>...
#####.#+#...#+#.##
+...'.#.......#.#
###...#####...###>.#


You could see an elephant shaped shifter (can't see you), 2 quasits, a crimson
imp (summoned, wandering, can't see you) and an ufetubus (summoned, wandering,
can't see you).

Vanquished Creatures
  An ogre (D:4)
  2 hounds (D:3)
  Jessica (D:3)
  2 iguanas
  Robin (D:3)
  7 gnolls
  6 adders
  A worm (D:2)
  3 dart slugs
  4 orcs (D:4)
  6 ball pythons
  5 bats
  6 endoplasms
  7 giant cockroaches
  11 goblins
  10 hobgoblins
  8 jackals
  2 quokkas
  2 frilled lizards (D:2)
  8 kobolds
  3 rats
96 creatures vanquished.

Vanquished Creatures (others)
  6 plants (D:5)
6 creatures vanquished.

Grand Total: 102 creatures vanquished

Notes
Turn   | Place    | Note
-------+----------+-------------------------------------------
     0 | D:1      | dolemite99 the Demonspawn Chaos Knight began the quest for
                  | the Orb.
     0 | D:1      | Reached XP level 1. HP: 18/18 MP: 1/1
     6 | D:1      | Found a faded altar of an unknown god.
    41 | D:1      | Reached skill level 3 in Unarmed Combat
    52 | D:1      | XOM: potion effect (experience)
    52 | D:1      | Reached skill level 7 in Unarmed Combat
    52 | D:1      | Gained mutation: Spells you cast may paralyse adjacent
                  | enemies. [demonic ancestry]
    52 | D:1      | Reached XP level 2. HP: 12/24 MP: 2/2
    61 | D:1      | XOM: divination: detect items
    63 | D:1      | Reached XP level 3. HP: 13/29 MP: 3/3
    91 | D:1      | XOM: divination: magic mapping
   491 | D:1      | XOM: summons 3 hostile shadow creatures
   624 | D:1      | XOM: stat loss: -1 Int (12/13)
   677 | D:1      | Found Gifoch's Distillery.
   754 | D:1      | XOM: scenery: 3 fountains blood, 1 doors open
   759 | D:1      | XOM: 2-stop teleportation journey
   875 | D:1      | XOM: silly message
   909 | D:1      | XOM: divination: detect items
  1207 | D:2      | XOM: divination: magic mapping
  1250 | D:2      | Gained mutation: You have sharp fingernails. [demonic
                  | ancestry]
  1250 | D:2      | Reached XP level 4. HP: 26/35 MP: 4/4
  1490 | D:2      | XOM: 4-stop teleportation journey
  1983 | D:2      | XOM: give mutation
  1983 | D:2      | Gained mutation: You expend magic power (3 MP) to
                  | strengthen your wands. [Xom's mischief]
  2117 | D:2      | Noticed Sigmund
  2159 | D:3      | XOM: potion effect (invisibility)
  2170 | D:3      | Gained mutation: You are partially covered in molten
                  | scales. (AC +2) [demonic ancestry]
  2170 | D:3      | Reached XP level 5. HP: 25/41 MP: 5/5
  2201 | D:3      | Noticed Robin
  2206 | D:3      | Identified a scroll of acquirement
  2206 | D:3      | Acquired a +4 ring of evasion
  2316 | D:3      | Noticed Jessica
  2329 | D:3      | Killed Jessica
  2330 | D:3      | Reached skill level 8 in Unarmed Combat
  2364 | D:3      | XOM: confusion
  2374 | D:3      | XOM: polymorph dart slug -> adder
  2654 | D:3      | XOM: swap monsters
  2660 | D:3      | Killed Robin
  2883 | D:3      | Reached XP level 6. HP: 41/47 MP: 6/6
  3042 | D:4      | Found the +4 robe of Augmentation {Str+4 Int+4 Dex+4}
  3126 | D:4      | XOM: give mutations
  3126 | D:4      | Gained mutation: You have a pair of small horns on your
                  | head. [Xom's mischief]
  3126 | D:4      | Lost mutation: You have a pair of small horns on your head.
                  | [Xom's mischief]
  3126 | D:4      | Gained mutation: Armour fits poorly on your strangely
                  | shaped body. [Xom's mischief]
  3126 | D:4      | Gained mutation: You are dopey. (Int -2) [Xom's mischief]
  3766 | D:4      | XOM: give mutation
  3766 | D:4      | Gained mutation: You are weak. (Str -2) [Xom's mischief]
  3817 | D:4      | XOM: give mutations
  3817 | D:4      | Gained mutation: Potions are less effective at restoring
                  | your health. [Xom's mischief]
  3817 | D:4      | Gained mutation: You occasionally shout uncontrollably at
                  | your foes. [Xom's mischief]
  3817 | D:4      | Gained mutation: You sometimes lose the ability to read
                  | scrolls when taking damage. [Xom's mischief]
  3817 | D:4      | Gained mutation: You frequently scream uncontrollably at
                  | your foes. [Xom's mischief]
  3837 | D:5      | Entered Level 5 of the Dungeon
  3837 | D:5      | Found a shadowy altar of Dithmenos.
  3934 | D:4      | XOM: silly message
  3979 | D:4      | XOM: confusion
  4174 | D:4      | XOM: give mutations
  4174 | D:4      | Gained mutation: Your body sometimes deteriorates upon
                  | taking damage. [Xom's mischief]
  4174 | D:4      | Lost mutation: Your body sometimes deteriorates upon taking
                  | damage. [Xom's mischief]
  4485 | D:4      | XOM: give mutations
  4485 | D:4      | Lost mutation: You expend magic power (3 MP) to strengthen
                  | your wands. [Xom's mischief]
  4485 | D:4      | Gained mutation: You are very weak. (Str -4) [Xom's
                  | mischief]
  4485 | D:4      | Gained mutation: Your body sometimes deteriorates upon
                  | taking damage. [Xom's mischief]
  4485 | D:4      | Lost mutation: You frequently scream uncontrollably at your
                  | foes. [Xom's mischief]
  4619 | D:5      | Noticed an ice beast
  4619 | D:5      | Noticed a fire bat
  4619 | D:5      | an ice beast changed into a fire bat
  4619 | D:5      | XOM: polymorph ice beast -> fire bat
  4623 | D:5      | XOM: swap monsters
  4629 | D:5      | Noticed a hog
  4629 | D:5      | a fire bat changed into a hog
  4629 | D:5      | XOM: polymorph fire bat -> hog
  4633 | D:5      | Noticed a glowing shapeshifter
  4633 | D:5      | a hog changed into a glowing shapeshifter
  4633 | D:5      | XOM: polymorph hog -> glowing shapeshifter
  4633 | D:5      | Noticed a wolf spider
  4633 | D:5      | a glowing shapeshifter changed into a wolf spider
  4638 | D:5      | Noticed an eye of devastation
  4638 | D:5      | a wolf spider changed into an eye of devastation
  4641 | D:5      | Noticed a glowing orange brain
  4641 | D:5      | an eye of devastation changed into a glowing orange brain
  4647 | D:5      | Noticed a lindwurm
  4647 | D:5      | a glowing orange brain changed into a lindwurm
  4648 | D:5      | Noticed an elephant
  4648 | D:5      | a lindwurm changed into an elephant
  4650 | D:5      | Lost mutation: Your body sometimes deteriorates upon taking
                  | damage. [potion of mutation]
  4650 | D:5      | Lost mutation: Potions are less effective at restoring your
                  | health. [potion of mutation]
  4650 | D:5      | Gained mutation: You have very sharp teeth. [potion of
                  | mutation]
  4650 | D:5      | Gained mutation: Your spells are a little harder to cast,
                  | but a little more powerful. [potion of mutation]
  4651 | D:5      | XOM: summons 4 hostile demons
  4651 | D:5      | Mangled by an elephant (glowing shapeshifter)

Illustrated notes

Levels and vault maps discovered:
D:1:      psy_arrival_statuary, layout_basic, serial_shops,
          nicolae_shop_temple_entry_statues_fountains,
          ebering_ecumenical_altar_mist
D:2:      layout_loops_ring, minmay_puff, uniq_sigmund
D:3:      layout_basic, uniq_jessica, uniq_robin
D:4:      layout_gridville, minmay_misc_feat_pillars
D:5:      nicolae_cairo_tiling_large, layout_rooms,
          nicolae_ru_sacrificial_ziggurat, mainiacjoe_overflow_chevrons,
          grunt_dithmenos_smoke, overflow_temple_1_default,
          hangedman_glass_teeth, kennysheep_pointless_box,
          kennysheep_generic_room_2

Skill      XL: |  1  2  3  4  5 |
---------------+----------------+-----
Unarmed Combat | 7 8 |  8.9
Fighting       | |  3.0
Armour         | |  1.7
Dodging        | |  0.8

Action                   |  1- 3 |  4- 6 || total
-------------------------+-------+-------++-------
Melee: Unarmed           |   116 |   197 ||   313
       Punch             |     3 |    13 ||    16
Throw: Dart              |       |     4 ||     4
Evoke: Piece from Xom's  |    17 |     7 ||    24
  Use: Scroll            |       |     7 ||     7
       Potion            |       |     8 ||     8
 Stab: Petrifying        |     1 |       ||     1
       Paralysed         |       |     5 ||     5
       Invisible         |       |     1 ||     1
Armor: Leather armour    |    59 |       ||    59
       Chain mail        |     8 |   108 ||   116
Dodge: Dodged            |    61 |   101 ||   162

Table legend: (Time is in decaauts)
 A = Elapsed time spent in this place.
 B = Non-inter-level travel time spent in this place.
 C = Inter-level travel time spent in this place.
 D = Time resting spent in this place.
 E = Time spent auto-exploring this place.
 F = Levels seen in this place.
 G = Mean time per level.
                   A        B        C        D        E       F      G
               +--------+--------+--------+--------+--------+-----+--------+
         Total |   4604 |   4324 |    280 |    989 |   2359 |   5 |  920.8 |
       Dungeon |   4604 |   4324 |    280 |    989 |   2359 |   5 |  920.8 |
               +--------+--------+--------+--------+--------+-----+--------+

Top non-repeatable levels by time:
     D:4: 1386 daAuts
     D:2: 1120 daAuts
     D:1: 1001 daAuts
     D:3: 937 daAuts
     D:5: 159 daAuts
